 Dungeon Crawl Stone Soup version 0.25.0-1-g7eea58d (webtiles) character file.

Game seed: 12447738069224976305

165 malesh the Poker (level 5, 0/63 HPs)
             Began as a Demonspawn Gladiator on June 21, 2020.
             Slain by Grinder (2 damage)
             ... on level 3 of the Dungeon.
             The game lasted 00:05:03 (2490 turns).

malesh the Poker (Demonspawn Gladiator)             Turns: 2490, Time: 00:05:03

Health: 0/63       AC: 22    Str: 12 (15) XL:     5   Next: 22%
Magic:  5/5        EV:  2    Int:  8 (9)  God:
Gold:   88         SH:  0    Dex: 14 (15) Spells: 4/4 levels left

rFire    . . .     SeeInvis .   a - +0 trident
rCold    . . .     Gourm    .   (no shield)
rNeg     + + +     Faith    .   (armour currently unavailable)
rPois    +         Spirit   .   (helmet currently unavailable)
rElec    .         Reflect  .   (cloak currently unavailable)
rCorr    .         Harm     .   (gloves currently unavailable)
MR       .....     NoTele   +   (boots currently unavailable)
Stlth    +.........             (no amulet)
HPRegen  0.20/turn              (no ring)
MPRegen  0.09/turn              (no ring)

@: tree-form, stab
A: blurry vision 1
a: no special abilities


You were on level 3 of the Dungeon.
You were not hungry.
You were a tree.
You visited 1 branch of the dungeon, and saw 3 of its levels.

You collected 88 gold pieces.

Inventory:

Hand Weapons
 a - a +0 trident (weapon)
 p - a +2 hunting sling of flaming
Missiles
 d - 3 throwing nets (quivered)
Armour
 b - a +0 leather armour (melded)
 c - a +0 helmet
 m - a +1 pair of gloves (melded)
Scrolls
 h - a scroll of teleportation
Potions
 g - 2 potions of ambrosia
 i - a potion of mutation
 j - a potion of curing
Comestibles
 f - 5 rations
 k - a chunk of flesh


   Skills:
 * Level 3.7 Fighting
 * Level 4.0 Polearms
 - Level 1.7 Throwing
 + Level 3.3 Dodging


You had 4 spell levels left.
You didn't know any spells.
Your spell library was empty.

Dungeon Overview and Level Annotations

Branches:
Dungeon (3/15)

Altars:

Annotations:
D:3 Grinder


Innate Abilities, Weirdness & Mutations

((You have sharp toenails.))
((You are mostly covered in molten scales. (AC +3)))
((You have a pair of small horns on your head.))
Scrolls take you a little longer to read.


Message History

Grinder hits you but does no damage.
You can move again.
You closely miss Grinder.
Grinder is almost dead.
Grinder hits you but does no damage. x2
You barely miss Grinder.
Grinder is severely wounded.
Grinder says, "Don't move a muscle."
Grinder hits you but does no damage. x2
You barely miss Grinder.
Grinder is severely wounded.
Grinder is no longer moving quickly.
Grinder hits you.
* * * LOW HITPOINT WARNING * * *
You hit Grinder but do no damage.
Grinder is severely wounded.
Grinder hits you but does no damage.
You barely miss Grinder.
Grinder is severely wounded.
Grinder hits you.
You die...

#.# #...
####.#######
#....).#
##...#.#
#####.#
#.....#
#>###.# #5#
#.# #♣# ###
#.# #.# #.#
#.# ... ###


You could see Grinder.

Vanquished Creatures
  2 worker ants
  Robin (D:2)
  2 adders (D:2)
  An ooze (D:2)
  2 worms
  A dart slug (D:2)
  3 leopard geckos
  2 ball pythons
  6 giant cockroaches
  10 goblins
  8 hobgoblins
  4 jackals (D:2)
  A quokka (D:2)
  10 bats
  5 frilled lizards
  8 kobolds
  6 rats
72 creatures vanquished.

Vanquished Creatures (others)
  A rat (D:2)
1 creature vanquished.

Grand Total: 73 creatures vanquished

Notes
Turn   | Place    | Note
-------+----------+-------------------------------------------
     0 | D:1      | malesh the Demonspawn Gladiator began the quest for the
                  | Orb.
     0 | D:1      | Reached XP level 1. HP: 16/16 MP: 1/1
   255 | D:1      | Gained mutation: You have sharp toenails. [demonic
                  | ancestry]
   255 | D:1      | Reached XP level 2. HP: 22/22 MP: 2/2
   266 | D:1      | Reached skill level 3 in Polearms
   653 | D:2      | Gained mutation: You are partially covered in molten
                  | scales. (AC +2) [demonic ancestry]
   653 | D:2      | Reached XP level 3. HP: 28/28 MP: 3/3
   906 | D:2      | Reached XP level 4. HP: 16/35 MP: 4/4
  1726 | D:2      | Noticed Robin
  1734 | D:2      | Killed Robin
  2325 | D:3      | Gained mutation: You are mostly covered in molten scales.
                  | (AC +3) [demonic ancestry]
  2325 | D:3      | Reached XP level 5. HP: 41/41 MP: 5/5
  2356 | D:3      | Reached skill level 4 in Polearms
  2455 | D:3      | Noticed Grinder
  2458 | D:3      | Paralysed by Grinder for 7 turns
  2470 | D:3      | HP: 1/42 [Grinder (6)]
  2472 | D:3      | Gained mutation: Scrolls take you a little longer to read.
                  | [potion of mutation]
  2472 | D:3      | Gained mutation: You have a pair of small horns on your
                  | head. [potion of mutation]
  2484 | D:3      | Paralysed by Grinder for 2 turns
  2488 | D:3      | HP: 2/63 [Grinder (3)]
  2490 | D:3      | Slain by Grinder

Illustrated notes

Levels and vault maps discovered:
D:1:      lightli_arrival_boilingwater, layout_rooms
D:2:      layout_basic, first_ration, lemuel_old_faithful, uniq_robin
D:3:      layout_basic, uniq_grinder

Skill      XL: |  1  2  3  4  5 |
---------------+----------------+-----
Polearms       | 3 4 |  4.0
Dodging        | 3 |  3.3
Fighting       | 3 |  3.7
Throwing       | |  1.7

Action                   |  1- 3 |  4- 6 || total
-------------------------+-------+-------++-------
Melee: Trident           |   112 |   141 ||   253
       Kick              |    11 |    28 ||    39
  Use: Scroll            |       |     5 ||     5
       Potion            |       |     5 ||     5
 Stab: Sleeping          |       |     3 ||     3
  Eat: Chunk             |       |     5 ||     5
Armor: Leather armour    |    35 |    24 ||    59
       Skin              |       |    10 ||    10
Dodge: Dodged            |    98 |    63 ||   161
